 Dungeon Crawl Stone Soup version 0.21-a0-528-gf531e82 (webtiles) character file.

1372 Gildeon the Magician (level 8, -6/58 HPs)
             Began as a Demigod Conjurer on Dec 8, 2017.
             Mangled by a wraith (10 damage)
             ... in an ossuary.
             The game lasted 00:29:08 (5679 turns).

Gildeon the Magician (Demigod Conjurer)             Turns: 5679, Time: 00:29:10

Health: -6/58      AC:  6    Str: 11    XL:     8   Next: 16%
Magic:  20/20      EV: 12    Int: 21    God:
Gold:   268        SH:  0    Dex: 18    Spells: 4/18 levels left

rFire    . . .     SeeInvis .   h - +4 quarterstaff (chaos)
rCold    . . .     Gourm    .   (shield currently unavailable)
rNeg     . . .     Faith    .   a - +0 robe
rPois    +         Spirit   .   (helmet restricted)
rElec    .         Reflect  .   n - +1 cloak {rPois}
rCorr    .         Harm     .   l - +0 pair of gloves
MR       .....     Clarity  +   (no boots)
Stlth    +.........             (no amulet)
HPRegen  0.19/turn              (no ring)
MPRegen  0.17/turn              (no ring)

@: confused, slowed, drained, very slow
A: horns 1, rugged brown scales 1, clarity, high mp 1, screaming 1, no potion
heal 1
a: no special abilities


You were in an ossuary.
You were not hungry.

You visited 1 branch of the dungeon, and saw 5 of its levels.
You also visited: Ossuary.

You collected 268 gold pieces.

Inventory:

Hand Weapons
 h - a +4 quarterstaff of chaos (weapon)
Armour
 a - a +0 robe (worn)
 l - a +0 pair of gloves (worn)
 n - a +1 cloak of poison resistance (worn)
Wands
 q - a wand of iceblast (9)
 t - a wand of paralysis (12)
Scrolls
 e - 3 scrolls of remove curse
 p - a scroll of teleportation {unknown}
 u - a scroll of fear
 v - a scroll of blinking {unknown}
Potions
 d - 4 potions of flight
 i - a potion of ambrosia
 k - 4 potions of heal wounds
 m - 8 potions of curing {unknown}
 o - a potion of agility {unknown}
 r - a potion of magic {unknown}
 s - 2 potions of haste {unknown}
Books
 b - a book of Conjurations

   Spells                             Type                      Level
   a - Magic Dart                     Conjuration                  1
   b - Searing Ray                    Conjuration                  2
   c - Dazzling Spray                 Conjuration/Hexes            3
   d - Fulminant Prism                Conjuration/Hexes            4
   e - Force Lance                    Conjuration/Translocation    4
   f - Iskenderun's Mystic Blast      Conjuration                  4
Comestibles
 c - 6 bread rations
 f - 2 fruits
 g - 3 royal jellies
 j - 3 meat rations


   Skills:
 - Level 1.7(1.5) Dodging
 - Level 1.7(1.5) Stealth
 - Level 5.6(5.4) Spellcasting
 + Level 5.1(4.9) Conjurations
 - Level 5.0(4.7) Hexes
 - Level 3.3(3.1) Translocations


You had 4 spell levels left.
You knew the following spells:

 Your Spells              Type           Power        Failure   Level  Hunger
a - Magic Dart            Conj           ####         1%          1    None
b - Searing Ray           Conj           ####..       1%          2    None
c - Dazzling Spray        Conj/Hex       ####..       4%          3    ##.....
d - Iskenderun's Mystic   Conj           ####....     13%         4    ####...
e - Force Lance           Conj/Tloc      ###.....     19%         4    ####...


Dungeon Overview and Level Annotations

Branches:
Dungeon (5/15)
 Temple: D:4-7

Annotations:
D:3 2 transporters


Innate Abilities, Weirdness & Mutations

You have an increased reservoir of magic. (+10% MP)
You have a pair of small horns on your head.
You are partially covered in rugged brown scales. (AC +1, +3% HP)
You possess an exceptional clarity of mind.
You occasionally shout uncontrollably at your foes.
Potions are less effective at restoring your health.


Message History

You miss the wraith.
The wraith is severely damaged.
The wraith misses you.
You closely miss the wraith.
You headbutt the wraith, but do no damage.
The wraith is severely damaged.
The wraith hits you but does no damage. The wraith hits you!
* * * LOW HITPOINT WARNING * * *
The wraith hits you.
* * * LOW HITPOINT WARNING * * *
The wraith drains your vigour!
You feel as though you will be slow longer.
You hit the wraith. You burn the wraith.
The wraith is severely damaged.
The wraith hits you!
* * * LOW HITPOINT WARNING * * *
The wraith drains your vigour!
You feel as though you will be slow longer.
The wraith hits you!
You die...

##.....# #z# #...............#
##.8.8.#####▓###.###.......###.#
.'.......'.....'.#z#.......#z#.#
##.8.8.#####▓###.###.......###.#
##.....# #W# #...............#
######## ### #.###..###..###.#
#.#.#..#z#..#.#.#
#.W##..###..##'.#
#@..............#
#################


You could see a wraith and a flying skull.

Vanquished Creatures
  Grinder (D:3)
  A wraith (Ossuary)
  Menkaure (D:4)
  A sky beast (D:5)
  An ice beast (D:5)
  An ogre (D:4)
  A scorpion (D:5)
  2 wights (Ossuary)
  2 hounds
  A bullfrog zombie (D:3)
  A bullfrog skeleton (D:5)
  Crazy Yiuf (D:2)
  Terence (D:3)
  3 worker ants
  7 gnolls
  12 adders
  An ooze (D:1)
  An adder skeleton (D:4)
  2 worms (D:4)
  A dart slug (D:4)
  6 leopard geckos
  An orc (D:4)
  3 ball pythons
  2 giant cockroaches (D:2)
  8 goblins
  14 hobgoblins
  8 jackals
  A quokka (D:4)
  3 ball python skeletons (Ossuary)
  4 bats
  6 frilled lizards
  A hobgoblin skeleton (Ossuary)
  A jackal skeleton (D:4)
  6 kobolds
  A leopard gecko skeleton (D:4)
  2 orc skeletons (Ossuary)
  2 orc zombies (Ossuary)
  6 rats
117 creatures vanquished.

Notes
Turn   | Place    | Note
-------+----------+-------------------------------------------
     0 | D:1      | Gildeon the Demigod Conjurer began the quest for the Orb.
     0 | D:1      | Reached XP level 1. HP: 14/14 MP: 5/5
   408 | D:1      | Reached XP level 2. HP: 20/20 MP: 5/7
   412 | D:1      | Learned a level 2 spell: Searing Ray
  1058 | D:1      | Reached XP level 3. HP: 26/26 MP: 5/8
  1556 | D:2      | Found a runed door.
  1561 | D:2      | Noticed Crazy Yiuf
  1566 | D:2      | Killed Crazy Yiuf
  1566 | D:2      | Reached skill level 5 in Conjurations
  1700 | D:2      | Reached XP level 4. HP: 33/33 MP: 4/9
  1705 | D:2      | Learned a level 3 spell: Dazzling Spray
  2575 | D:3      | Reached XP level 5. HP: 37/38 MP: 2/12
  2585 | D:3      | Learned a level 4 spell: Iskenderun's Mystic Blast
  2716 | D:3      | Noticed Grinder
  2722 | D:3      | Paralysed by Grinder for 5 turns
  2730 | D:3      | Killed Grinder
  2730 | D:3      | Reached XP level 6. HP: 32/45 MP: 3/16
  2736 | D:3      | Learned a level 4 spell: Force Lance
  2871 | D:3      | Found a transporter.
  2874 | D:3      | Found a transporter.
  3007 | D:3      | Noticed Terence
  3015 | D:3      | Killed Terence
  3154 | D:3      | Reached skill level 5 in Spellcasting
  3356 | D:4      | Noticed Menkaure
  3360 | D:4      | Killed Menkaure
  3473 | D:4      | Reached XP level 7. HP: 41/50 MP: 7/18
  3651 | D:4      | Got an ichor-stained ring mail
  3662 | D:4      | Identified the +4 ring mail "Inocwala" {*Slow rC+ Regen+} (You found it on level 4 of the Dungeon)
  4586 | D:5      | Entered Level 5 of the Dungeon
  4743 | D:5      | Reached skill level 5 in Hexes
  4759 | D:5      | Reached skill level 1 in Translocations
  4931 | D:5      | Gained mutation: Potions are less effective at restoring your health. [mutagenic meat]
  4932 | D:5      | Gained mutation: You have a pair of small horns on your head. [mutagenic meat]
  4933 | D:5      | Gained mutation: You are partially covered in rugged brown scales. (AC +1, +3% HP) [mutagenic meat]
  4934 | D:5      | Gained mutation: You possess an exceptional clarity of mind. [mutagenic meat]
  4935 | D:5      | Gained mutation: You occasionally shout uncontrollably at your foes. [mutagenic meat]
  5121 | D:5      | Found a sand-covered staircase.
  5128 | Ossuary  | Entered an ossuary
  5170 | Ossuary  | Reached XP level 8. HP: 54/58 MP: 10/19
  5679 | Ossuary  | Mangled by a wraith

Vault maps used:
D:1:      dpeg_arrival_circle_labyrinth_c, minmay_pentomino_q4
D:2:      minmay_misc_feat_square, uniq_crazy_yiuf_cottage
D:3:      gammafunk_wand_slinger, minmay_goblin_kobold_house, uniq_grinder,
          uniq_terence
D:4:      uniq_menkaure
D:5:      enter_ossuary_4, first_bread
Ossuary:  ossuary_due_cavern

Skill      XL: |  1  2  3  4  5  6  7 |
---------------+----------------------+-----
Conjurations   | 4 5 |  5.1
Spellcasting   | 2 3 4 5 |  5.6
Hexes          | 2 5 |  5.0
Translocations | 3 |  3.3
Dodging        | |  1.7
Stealth        | |  1.7

Action                   |  1- 3 |  4- 6 |  7- 9 || total
-------------------------+-------+-------+-------++-------
Melee: Club              |     4 |       |       ||     4
       Quarterstaff      |       |     8 |    10 ||    18
       Headbutt          |       |       |     1 ||     1
 Cast: Magic Dart        |    66 |   100 |   113 ||   279
       Searing Ray       |     1 |     5 |    10 ||    16
       Iskenderun's Myst |       |     1 |     1 ||     2
       Dazzling Spray    |       |       |     2 ||     2
       Force Lance       |       |       |     2 ||     2
  Use: Scroll            |     5 |     4 |     2 ||    11
       Potion            |       |     1 |     1 ||     2
  Eat: Chunk             |     3 |     6 |     8 ||    17
       Bread ration      |       |       |     1 ||     1
Armor: Robe              |     3 |    18 |    19 ||    40
Dodge: Dodged            |     9 |    22 |    54 ||    85

Table legend:
 A = Spawn XP
 B = Non-spawn XP
 C = Spawn XP percentage of total XP
 D = Spawn monster count
 E = Non-spawn monster count
 F = Spawn count percentage of total count
 G = Total turns spent on level
                    A         B        C        D         E        F      G
               +---------+---------+-------+---------+---------+-------+---------
         Total |       0 |    1961 |   0.0 |       0 |     117 |   0.0 |  5679
               +---------+---------+-------+---------+---------+-------+---------
           D:1 |       0 |      51 |   0.0 |       0 |      27 |   0.0 |  1436
           D:2 |       0 |     157 |   0.0 |       0 |      20 |   0.0 |   907
           D:3 |       0 |     432 |   0.0 |       0 |      25 |   0.0 |   977
           D:4 |       0 |     531 |   0.0 |       0 |      25 |   0.0 |  1266
           D:5 |       0 |     465 |   0.0 |       0 |       9 |   0.0 |   542
       Ossuary |       0 |     325 |   0.0 |       0 |      11 |   0.0 |   551
               +---------+---------+-------+---------+---------+-------+---------
